 Dungeon Crawl Stone Soup version 0.19-a0-958-gd69d43c (webtiles) character file.

187967 Gorice the Spry (level 17, -3/142 HPs)
             Began as a Demonspawn Venom Mage on July 4, 2016.
             Was a High Priest of Sif Muna.
             Slain by a naga warrior
             ... wielding a +0 mace
              (5 damage)
             ... on level 2 of the Snake Pit on July 11, 2016.
             The game lasted 06:34:46 (48409 turns).

Gorice the Spry (Demonspawn Venom Mage)            Turns: 48409, Time: 06:34:47

Health: -3/142     AC: 18    Str: 13    XL:     17   Next: 89%
Magic:  21/41      EV: 21    Int: 27    God:    Sif Muna [*****.]
Gold:   2441       SH:  6    Dex: 18    Spells: 13 memorised, 1 level left

rFire  + . .     SeeInvis .     a - +4 dagger (elec)
rCold  + + .     Gourm    +     w - +3 leather armour {rC+}
rNeg   . . .     Faith    .     U - +0 buckler of Submission {rPois Dex+5}
rPois  +         Spirit   .     v - +0 hat {MR+}
rElec  .         Dismiss  .     L - +1 cloak {MR+}
rCorr  .         Reflect  .     O - +1 pair of gloves
SustAt .         Harm     .     Q - +0 pair of boots "Zipn" {rF+}
MR     +++..                    k - amulet of the gourmand
Stlth  ++........               p - +4 ring of intelligence
                                u - ring of magical power

@: mighty, constricted, extremely resistant to hostile enchantments, unstealthy
A: antennae 2, rough black scales 2, cold resistance 1, powered by pain 3, rot
immunity
a: Divine Energy, Channel Magic, Forget Spell, Renounce Religion


You were on level 2 of the Snake Pit.
You worshipped Sif Muna.
Sif Muna was extremely pleased with you.
You were completely stuffed.

You visited 6 branches of the dungeon, and saw 29 of its levels.
You also visited: Labyrinth and Ice Cave.

You collected 3821 gold pieces.
You spent 1380 gold pieces at shops.

Inventory:

Hand Weapons
 a - a +4 dagger of electrocution (weapon)
   (You found it in an ice cave)
 B - a +0 blowgun
Missiles
 A - 9 curare-tipped needles
 Y - 6 throwing nets (quivered)
Armour
 s - a +0 mottled dragon armour
 v - a +0 hat of magic resistance (worn)
   (You acquired it in an ice cave)
 w - a +3 leather armour of cold resistance (worn)
   (You took it off an orc priest on level 1 of the Orcish Mines)
 L - a +1 cloak of magic resistance (worn)
   (You found it on level 2 of the Orcish Mines)
 O - a +1 pair of gloves (worn)
 Q - the +0 pair of boots "Zipn" (worn) {rF+}
   (You found it on level 6 of the Lair of Beasts)

   It protects you from fire.
 U - the +0 buckler of Submission (worn) {rPois Dex+5}
   (You found it in a labyrinth)

   It affects your dexterity (+5).
   It protects you from poison.
Magical Staves
 C - an uncursed staff of conjuration
Jewellery
 k - an amulet of the gourmand (around neck)
 p - a +4 ring of intelligence (right hand)
 t - the ring of Gaaduige {rF++ MR- Int+3}
   (You took it off a centaur warrior on level 13 of the Dungeon)

   [ring of intelligence]

   It affects your intelligence (+3).
   It greatly protects you from fire.
   It affects your resistance to hostile enchantments.
 u - a ring of magical power (left hand)
 x - an uncursed ring of resist corrosion
 F - an uncursed ring of see invisible
 S - the ring "Ynuvext" {SustAt rPois rF- rN+ Str+5}
   (You found it on level 6 of the Lair of Beasts)

   [ring of sustain attributes]

   It sustains your strength, intelligence and dexterity.
   It affects your strength (+5).
   It makes you vulnerable to fire.
   It protects you from poison.
   It protects you from negative energy.
Wands
 h - a wand of heal wounds (8/9) {!d}
 j - a wand of polymorph (12/24)
 n - a wand of digging (5/24)
 E - a wand of teleportation (6/9) {!d}
 I - a wand of acid (8/15)
 T - a wand of enslavement (9/24)
Scrolls
 d - 9 scrolls of remove curse
 m - a scroll of fear {!r}
 r - 5 scrolls of teleportation {!r}
 y - 3 scrolls of fog
 z - 4 scrolls of identify
 H - a scroll of blinking
Potions
 e - 6 potions of brilliance {!q}
 f - 6 potions of haste {!q}
 g - 2 potions of might {!q}
 l - 3 potions of cancellation {!q}
 o - 9 potions of curing
 q - 6 potions of heal wounds {!q}
 J - a potion of magic {!q}
 K - 2 potions of agility {!q}
 N - a potion of invisibility {!q}
Books
 i - a book of Flames
 G - a book of Party Tricks
Miscellaneous
 Z - a fan of gales
Comestibles
 b - a beef jerky
 c - 14 bread rations {!e}
 D - 4 chunks of flesh
 M - 16 fruits


   Skills:
 - Level 15.0 Fighting
 - Level 4.0 Short Blades
 - Level 16.0 Dodging
 - Level 1.7 Stealth
 - Level 5.0 Shields
 + Level 11.3 Spellcasting
 * Level 13.5 Conjurations
 - Level 3.1 Summonings
 * Level 2.5 Fire Magic
 - Level 4.0 Air Magic
 - Level 10.0 Poison Magic
 - Level 10.0 Invocations


You had one spell level left.
You knew the following spells:

 Your Spells              Type           Power        Failure   Level  Hunger
a - Sting                 Conj/Pois      ####         1%          1    None
b - Mephitic Cloud        Conj/Pois/Air  ######..     1%          3    None
c - Olgreb's Toxic Radia  Pois           ######..     1%          4    None
d - Venom Bolt            Conj/Pois      ######....   1%          5    ###....
e - Summon Small Mammal   Summ           ####         1%          1    None
f - Ignite Poison         Fire/Tmut/Pois #####...     2%          3    None
g - Force Lance           Conj/Tloc      ######..     2%          4    None
h - Stone Arrow           Conj/Erth      ######       1%          3    None
i - Sticky Flame          Conj/Fire      ######..     1%          4    None
j - Fireball              Conj/Fire      ######....   6%          5    ###....
A - Apportation           Tloc           ###.......   6%          1    None
B - Summon Butterflies    Summ           ####....     1%          1    None
S - Swiftness             Chrm/Air       ####....     3%          2    None


Dungeon Overview and Level Annotations

Branches:
Dungeon (15/15)            Temple (1/1) D:4            Lair (6/6) D:11
 Shoals (3/4) Lair:3        Snake (2/4) Lair:3        Slime (0/5) Lair:6
    Orc (2/2) D:12            Elf (0/3) Orc:2        Vaults (0/5) D:13
 Depths (0/5) D:15

Altars:
Ashenzari
Cheibriados
Dithmenos
Elyvilon
Fedhas
Gozag
Hepliaklqana
Kikubaaqudgha
Makhleb
Nemelex Xobeh
Okawaru
Pakellas
Qazlal
Ru
Sif Muna
Trog
Uskayaw
Vehumet
Xom
Yredelemnul
Zin
The Shining One
Jiyva

Shops:
D:7 (   D:8 }   D:10 %   Orc:1 %   Orc:2 ?(((   Shoals:1 !

Annotations:
D:3 tstbtto's ghost, amateur HEFi


Innate Abilities, Weirdness & Mutations

You have a pair of antennae on your head.
You are mostly covered in rough black scales. (AC +7, Dex -2)
Your flesh is cold resistant. (rC+)
You are powered by pain.
You are immune to rotting.


Message History

The naga warrior grabs you. The naga warrior constricts you.
Unknown command.
You hit the naga warrior but do no damage.
There is a sudden explosion of sparks!
The naga warrior is heavily wounded.
The naga warrior burns!
The salamander shoots an arrow.
The arrow barely misses you. The naga misses you.
The salamander hits you from afar with a trident.
* * * LOW HITPOINT WARNING * * *
You are engulfed in flames.
You resist.
* * * LOW HITPOINT WARNING * * *
The naga warrior spits poison at you. The splash of poison misses you.
The naga warrior constricts you.
Damage: 10 (max 18)
You hit the naga warrior.
The naga warrior is severely wounded.
You feel sick.
The naga warrior burns!
The naga warrior stops burning.
The salamander throws a stone.
The stone barely misses you.
The salamander shoots an arrow.
The arrow barely misses you. The naga closely misses you.
You hit the naga warrior.
The naga warrior is severely wounded.
The salamander hits you from afar with a trident.
* * * LOW HITPOINT WARNING * * *
You are engulfed in flames.
You resist.
* * * LOW HITPOINT WARNING * * *
The naga warrior spits poison at you. The splash of poison hits you!
You resist.
* * * LOW HITPOINT WARNING * * *
The naga warrior constricts you.
The salamander throws a stone.
The stone completely misses you.
Damage: 10 (max 18) Unknown command.
Unknown command.
Unknown command.
Unknown command.
Unknown command.
You feel better.
The salamander shoots an arrow.
The arrow hits you!
* * * LOW HITPOINT WARNING * * *
You focus on the pain.
You feel very mighty all of a sudden. The arrow burns you.
* * * LOW HITPOINT WARNING * * *
The naga closely misses you.
The salamander hits you from afar with a trident!
* * * LOW HITPOINT WARNING * * *
You are engulfed in flames.
You resist.
* * * LOW HITPOINT WARNING * * *
The naga warrior completely misses you.
You die...

#.# #.# #........#
########.# #(##
##........#
.........###..#
#..#####.##
#####........###.##
#.#
##.####...÷..######.#
##.##....N...##...†.#
##.....###........####
#....######N.####..#
#....###.@NN...###.# .
#.##.##..#####÷# #.#
...#.##.#..##
#†###.####
.#...##...##
#.<......# .....N....#
#######..# ....[N###.#
#### #.#....##.###
#........(..#
##..###.?.#.##


You could see a naga warrior, 3 salamanders and a naga.

Vanquished Creatures
  Nikola (Shoals:1)
  An Ice Fiend (IceCv)
  A fire giant (D:13)
  Donald (Orc:1)
  2 orc warlords (Orc:2)
  Louise (D:15)
  A stone giant (Shoals:3)
  Nessos (Orc:1)
  Azrael (D:13)
  Josephine (Lair:5)
  A minotaur (Lab)
  3 merfolk impalers
  A fire dragon (Lair:6)
  Erolcha (D:8)
  A rakshasa (D:13)
  6 hydras
  8 vault guards
  5 naga warriors
  7 centaur warriors
  4 merfolk aquamancers
  6 anacondas
  3 merfolk avatars
  The ghost of tstbtto the Carver, a novice MiFi of Cheibriados (D:13)
  2 satyrs
  2 ogre magi (Orc:2)
  A catoblepas (Lair:6)
  4 death yaks (Lair:3)
  2 tengu warriors
  2 naga sharpshooters
  A shock serpent (Snake:1)
  Nergalle (Lair:3)
  Sonja (D:10)
  2 sea snakes (Shoals:2)
  2 deep trolls (Orc:2)
  3 unseen horrors
  A giant orange brain (shapeshifter) (D:15)
  A giant orange brain (D:15)
  2 wizards (D:12)
  5 harpies (Shoals:1)
  2 lindwurms
  6 orc knights
  22 hill giants
  2 naga ritualists
  2 orc sorcerers (Orc:2)
  5 manticores
  2 mana vipers
  7 griffons
  15 ugly things
  6 slime creatures
  A deep elf mage (D:13)
  18 cyclopes
  9 fauns
  A salamander (Snake:1)
  A guardian serpent (Snake:2)
  3 ice statues
  3 sirens
  2 guardian serpents (shapeshifter) (D:15)
  Joseph (D:9)
  2 centaur zombies
  26 black mambas
  18 elephants
  4 water nymphs
  6 torpor snails
  2 gargoyles (D:12)
  A naga mage (Lair:3)
  4 centaur skeletons
  A spiny frog (shapeshifter) (D:15)
  14 spiny frogs
  4 rime drakes
  9 ice devils (IceCv)
  A komodo dragon (shapeshifter) (D:15)
  3 anaconda simulacra (IceCv)
  An efreet (D:14)
  18 komodo dragons
  A golden dragon simulacrum (IceCv)
  A queen bee (Lair:2)
  5 giant leeches (Lair:6)
  10 trolls
  A boulder beetle (Lair:6)
  2 wind drakes
  22 merfolk
  23 blink frogs
  8 two-headed ogres
  Grinder (D:6)
  A raiju (shapeshifter) (D:13)
  Prince Ribbit (D:8)
  7 snapping turtles
  A shadow (Lab)
  5 wyverns
  10 water elementals
  6 wraiths
  A vampire (D:15)
  2 yaks (shapeshifter)
  2 dire elephant simulacra (IceCv)
  3 fire elementals (D:13)
  5 basilisks
  54 yaks
  9 wargs
  10 hippogriffs
  2 vampire mosquitoes (D:14)
  4 hungry ghosts
  A harpy simulacrum (IceCv)
  An iron troll simulacrum (IceCv)
  10 nagas (Snake:1)
  7 hell hounds
  2 hydra simulacra (IceCv)
  7 porcupines
  17 water moccasins
  9 ice beasts
  A hornet simulacrum (D:14)
  48 orc warriors
  5 wasps
  An eye of draining (D:10)
  5 sky beasts
  4 black bears
  3 phantoms
  32 wolves
  41 ogres
  26 centaurs
  4 big kobolds
  16 crocodiles
  Blork the orc (D:5)
  20 giant frogs
  A wyvern skeleton (D:7)
  4 scorpions
  30 killer bees
  9 wights
  A spriggan skeleton (Lab)
  2 howler monkeys (D:10)
  A lava snake (D:13)
  8 crimson imps
  A giant frog zombie (D:11)
  7 jellies
  2 quasits
  A gnoll shaman (Orc:2)
  20 orc priests
  3 giant frog skeletons
  9 hounds
  38 orc wizards
  Natasha (twice) (D:3)
  7 iguanas
  10 worker ants
  17 sheep
  A hound zombie (D:11)
  A hound skeleton (D:6)
  A worker ant zombie (D:7)
  Robin (D:4)
  A howler monkey skeleton (D:8)
  A gnoll (D:3)
  16 adders
  51 river rats
  A shadow imp (D:12)
  2 white imps
  3 oozes
  An adder zombie (D:9)
  23 worms
  5 dart slugs
  6 giant geckos
  117 orcs
  2 ball pythons
  8 bats
  4 giant cockroaches
  8 hobgoblins
  2 jackals (D:4)
  5 quokkas
  7 giant newts
  17 goblins
  A jackal skeleton (D:4)
  9 kobolds
  2 quokka skeletons
  6 rats
  A fire vortex (D:13)
  A fungus (Lair:3)
1247 creatures vanquished.

Vanquished Creatures (collateral kills)
  A komodo dragon (Lair:1)
1 creature vanquished.

Vanquished Creatures (others)
  A deep elf annihilator (D:4)
  A wizard (D:5)
  20 fungi
  29 plants
51 creatures vanquished.

Grand Total: 1299 creatures vanquished

Notes
Turn   | Place    | Note
-------+----------+-------------------------------------------
     0 | D:1      | Gorice the Demonspawn Venom Mage began the quest for the Orb.
     0 | D:1      | Reached XP level 1. HP: 13/13 MP: 3/3
   348 | D:1      | Reached skill level 1 in Fighting
   559 | D:1      | Gained mutation: You sometimes gain a little power by taking damage. [demonic ancestry]
   559 | D:1      | Reached XP level 2. HP: 9/22 MP: 3/5
   573 | D:1      | Found a sparkling altar of Nemelex Xobeh.
   652 | D:1      | Reached skill level 2 in Fighting
  1221 | D:1      | Upgraded the game from 0.19-a0-892-g8a19e52 to 0.19-a0-944-gb338e1e
  1236 | D:2      | Found a basalt altar of Yredelemnul.
  1346 | D:2      | Reached XP level 3. HP: 16/28 MP: 2/6
  1348 | D:2      | Found a blossoming altar of Fedhas.
  1480 | D:2      | Reached skill level 3 in Fighting
  2262 | D:2      | Reached skill level 1 in Short Blades
  2262 | D:2      | Gained mutation: You have a pair of small antennae on your head. [demonic ancestry]
  2262 | D:2      | Reached XP level 4. HP: 35/35 MP: 4/7
  2266 | D:2      | Found a snail-covered altar of Cheibriados.
  2360 | D:3      | Found a shattered altar of Ashenzari.
  2468 | D:3      | Reached skill level 2 in Short Blades
  2785 | D:3      | Noticed Natasha
  2800 | D:3      | Killed Natasha
  2800 | D:3      | Reached skill level 3 in Short Blades
  2800 | D:3      | Gained mutation: You are partially covered in rough black scales. (AC +4, Dex -1) [demonic ancestry]
  2800 | D:3      | Reached XP level 5. HP: 19/41 MP: 4/8
  2961 | D:3      | Noticed tstbtto's ghost (amateur HEFi)
  3604 | D:3      | Reached skill level 4 in Short Blades
  3628 | D:3      | Gained mutation: You are mostly covered in rough black scales. (AC +7, Dex -2) [demonic ancestry]
  3628 | D:3      | Reached XP level 6. HP: 40/47 MP: 9/9
  3659 | D:3      | Reached skill level 1 in Conjurations
  3764 | D:3      | Noticed Natasha
  3770 | D:3      | Killed Natasha
  3811 | D:4      | Reached skill level 2 in Conjurations
  4164 | D:4      | Reached skill level 3 in Conjurations
  4245 | D:4      | Noticed an ice beast
  4276 | D:4      | Killed an ice beast
  4276 | D:4      | Reached skill level 3 in Spellcasting
  4276 | D:4      | Gained mutation: You sometimes gain power by taking damage. [demonic ancestry]
  4276 | D:4      | Reached XP level 7. HP: 32/52 MP: 11/11
  4407 | D:4      | Found an oddly glowing altar of Pakellas.
  4408 | D:4      | Noticed a deep elf annihilator
  4414 | D:4      | Killed a deep elf annihilator
  4572 | D:4      | Reached skill level 4 in Conjurations
  4760 | D:4      | Found a sacrificial altar of Ru.
  4770 | D:4      | Noticed Robin
  4832 | D:4      | Killed Robin
  4852 | D:4      | Learned a level 3 spell: Mephitic Cloud
  4888 | D:4      | Found a staircase to the Ecumenical Temple.
  4905 | Temple   | Entered the Ecumenical Temple
  5146 | Temple   | Became a worshipper of Sif Muna the Loreminder
  5303 | D:4      | Got an ichor-stained quarterstaff
  5304 | D:4      | Identified the cursed +1 quarterstaff "Grim" {flame, Str+3} (You found it on level 4 of the Dungeon)
  5494 | D:5      | Entered Level 5 of the Dungeon
  5822 | D:5      | Reached skill level 1 in Air Magic
  5967 | D:5      | Reached skill level 5 in Poison Magic
  5967 | D:5      | Reached XP level 8. HP: 25/58 MP: 13/13
  6215 | D:5      | Reached * piety under Sif Muna
  6215 | D:5      | Reached skill level 5 in Conjurations
  6257 | D:5      | Reached skill level 2 in Air Magic
  6302 | D:5      | Noticed Blork the orc
  6374 | D:5      | Killed Blork the orc
  6743 | D:5      | Found a bloodstained altar of Trog.
  6744 | D:5      | Noticed a wizard
  6750 | D:5      | Killed a wizard
  7311 | D:6      | Found an iron altar of Okawaru.
  7342 | D:6      | Noticed Grinder
  7745 | D:6      | Killed Grinder
  7745 | D:6      | Reached skill level 4 in Spellcasting
  7745 | D:6      | Reached skill level 3 in Air Magic
  7745 | D:6      | Reached skill level 6 in Poison Magic
  7818 | D:6      | Reached skill level 6 in Conjurations
  7877 | D:6      | Reached ** piety under Sif Muna
  8181 | D:7      | Gained mutation: You have a pair of antennae on your head. [demonic ancestry]
  8181 | D:7      | Reached XP level 9. HP: 62/64 MP: 15/15
  8258 | D:7      | Reached skill level 4 in Air Magic
  8679 | D:6      | Reached skill level 7 in Poison Magic
  8830 | D:7      | Reached skill level 7 in Conjurations
  8917 | D:7      | Learned a level 4 spell: Olgreb's Toxic Radiance
  8979 | D:7      | Reached skill level 5 in Spellcasting
  8984 | D:7      | Found Vierr's Weapon Boutique.
  9222 | D:7      | Reached *** piety under Sif Muna
  9463 | D:7      | Reached skill level 8 in Poison Magic
  9590 | D:8      | Found a radiant altar of Vehumet.
  9662 | D:8      | Noticed Erolcha
  9683 | D:8      | Killed Erolcha
  9683 | D:8      | Reached skill level 8 in Conjurations
  9683 | D:8      | Gained mutation: You are powered by pain. [demonic ancestry]
  9683 | D:8      | Reached XP level 10. HP: 70/70 MP: 15/18
  9743 | D:8      | Found Lesat's Gadget Shoppe.
 10018 | D:8      | Noticed Prince Ribbit
 10024 | D:8      | Killed Prince Ribbit
 10265 | D:7      | Learned a level 5 spell: Venom Bolt
 10267 | D:7      | Learned a level 1 spell: Summon Small Mammal
 10271 | D:7      | Learned a level 3 spell: Ignite Poison
 10423 | D:8      | Reached **** piety under Sif Muna
 10607 | D:8      | Reached skill level 9 in Poison Magic
 10833 | D:9      | Reached skill level 6 in Spellcasting
 11063 | D:9      | Noticed Joseph
 11070 | D:9      | Killed Joseph
 11244 | D:9      | Reached skill level 9 in Conjurations
 11679 | D:9      | Noticed a three-headed hydra
 11732 | D:9      | HP: 14/70 [three-headed hydra (11)]
 11732 | D:9      | HP: 5/70 [three-headed hydra (9)]
 12202 | D:9      | Learned a level 4 spell: Force Lance
 12565 | D:10     | Entered Level 10 of the Dungeon
 12611 | D:10     | Reached skill level 1 in Invocations
 12616 | D:10     | Noticed a five-headed hydra
 12697 | D:10     | Noticed a hill giant
 12864 | D:9      | Reached skill level 10 in Poison Magic
 12917 | D:10     | Killed a five-headed hydra
 12917 | D:10     | Reached skill level 2 in Invocations
 12917 | D:10     | Gained mutation: Your flesh is cold resistant. (rC+) [demonic ancestry]
 12917 | D:10     | Reached XP level 11. HP: 75/75 MP: 7/21
 13078 | D:9      | Reached skill level 10 in Conjurations
 13078 | D:9      | Reached skill level 3 in Invocations
 13237 | D:10     | Found Buduvaf's Food Boutique.
 13285 | D:10     | Identified Sif Muna's Reference Book on Transmutation and Weightlessness (You found it on level 10 of the Dungeon)
 13309 | D:10     | Noticed Sonja
 13328 | D:9      | Reached ***** piety under Sif Muna
 13328 | D:9      | Reached skill level 7 in Spellcasting
 13710 | D:10     | Killed Sonja
 13710 | D:10     | Reached skill level 4 in Invocations
 13865 | D:10     | Killed a hill giant
 14376 | D:11     | Found a staircase to the Lair.
 14395 | D:11     | HP: 8/75 [hell hound/blast of flame (21)]
 14603 | D:11     | Reached skill level 5 in Invocations
 15082 | D:11     | Reached skill level 6 in Invocations
 15328 | D:11     | Noticed a hill giant
 15340 | D:11     | Killed a hill giant
 15340 | D:11     | Reached skill level 8 in Spellcasting
 15808 | Lair:1   | Entered Level 1 of the Lair of Beasts
 15818 | Lair:1   | Learned a level 3 spell: Stone Arrow
 15981 | Lair:1   | Reached skill level 7 in Invocations
 16245 | Lair:1   | Reached skill level 11 in Conjurations
 17319 | Lair:1   | HP: 5/75 [komodo dragon (33)]
 17662 | Lair:2   | Reached skill level 8 in Invocations
 17663 | Lair:2   | Reached XP level 12. HP: 81/81 MP: 22/24
 17916 | Lair:2   | HP: 24/81 [poisoned by a spiny frog]
 17921 | Lair:2   | HP: 22/81 [poisoned by a spiny frog]
 17926 | Lair:2   | HP: 20/81 [poisoned by a spiny frog]
 17931 | Lair:2   | HP: 19/81 [poisoned by a spiny frog]
 17938 | Lair:2   | HP: 18/81 [poisoned by a spiny frog]
 17946 | Lair:2   | HP: 18/81 [poisoned by a spiny frog]
 18302 | Lair:2   | Reached skill level 9 in Spellcasting
 18319 | Lair:2   | Reached skill level 9 in Invocations
 19703 | Lair:2   | Reached skill level 12 in Conjurations
 19735 | Lair:2   | Reached skill level 10 in Invocations
 20035 | Lair:2   | Got a scorched jade amulet
 20036 | Lair:2   | Identified the amulet of the Sparrow {Faith +Inv} (You found it on level 2 of the Lair of Beasts)
 20214 | Lair:2   | Reached skill level 4 in Fighting
 20344 | Lair:2   | Reached skill level 10 in Spellcasting
 20550 | Lair:3   | Noticed Nergalle
 20817 | Lair:3   | Reached skill level 1 in Summonings
 20834 | Lair:3   | Found a labyrinth entrance.
 20847 | Lab      | Entered a labyrinth
 21088 | Lab      | Reached skill level 5 in Fighting
 21289 | Lab      | Noticed a minotaur
 21311 | Lab      | Killed a minotaur
 21311 | Lab      | Reached skill level 2 in Summonings
 21317 | Lab      | Identified a +4 rod of clouds (10/14) {!a} (You took it off a minotaur in a labyrinth)
 21341 | Lab      | Got an ichor-stained great mace
 21341 | Lab      | Got an ancient buckler
 21343 | Lab      | Identified the +5 great mace "Uxku Lan" {freeze, rN+} (You found it in a labyrinth)
 21353 | Lab      | Identified the cursed +0 buckler of Submission {rPois Dex+5} (You found it in a labyrinth)
 21596 | Lair:3   | Killed Nergalle
 21642 | Lair:3   | Found a staircase to the Snake Pit.
 21643 | Lair:3   | Found a staircase to the Shoals.
 21684 | Lair:3   | Reached skill level 1 in Shields
 21913 | Lair:3   | Reached XP level 13. HP: 92/92 MP: 15/27
 22086 | Lair:3   | Reached skill level 2 in Shields
 22086 | Lair:3   | Reached skill level 3 in Summonings
 22489 | Lair:3   | Reached skill level 6 in Fighting
 22777 | Lair:4   | Reached skill level 3 in Shields
 23409 | Lair:4   | Reached skill level 4 in Shields
 23504 | Lair:4   | Reached skill level 7 in Fighting
 23790 | Lair:4   | Reached skill level 13 in Conjurations
 23857 | Lair:5   | Noticed Josephine
 24261 | Lair:5   | Killed Josephine
 24397 | Lair:5   | Reached skill level 5 in Shields
 24406 | Lair:5   | Reached skill level 2 in Dodging
 24539 | Lair:5   | Reached skill level 8 in Fighting
 25060 | Lair:5   | Reached skill level 3 in Dodging
 25355 | Lair:1   | Learned a level 2 spell: Swiftness
 25476 | D:8      | Bought a wand of heal wounds (5/9) for 810 gold pieces
 25729 | Lair:6   | Entered Level 6 of the Lair of Beasts
 25909 | Lair:6   | Gained mutation: You are immune to rotting. [demonic ancestry]
 25909 | Lair:6   | Reached XP level 14. HP: 75/106 MP: 6/28
 25952 | Lair:6   | Found a staircase to the Slime Pits.
 25952 | Lair:6   | Found a viscous altar of Jiyva.
 26146 | Lair:6   | Reached skill level 9 in Fighting
 26170 | Lair:6   | Reached skill level 4 in Dodging
 26505 | Lair:5   | HP: 20/108 [lindwurm/blast of flame (17)]
 27005 | Lair:6   | Reached skill level 5 in Dodging
 27048 | Lair:6   | Reached skill level 11 in Spellcasting
 27237 | Lair:6   | HP: 17/109 [blink frog (18)]
 27471 | Lair:6   | Found a runed door.
 27511 | Lair:6   | Reached skill level 10 in Fighting
 27660 | Lair:6   | Reached skill level 6 in Dodging
 27852 | Lair:6   | Found a stormy altar of Qazlal.
 28004 | Lair:6   | Got a pair of translucent boots
 28015 | Lair:6   | Identified the +0 pair of boots "Zipn" {rF+} (You found it on level 6 of the Lair of Beasts)
 28193 | Lair:6   | Got a heavily runed wooden ring
 28194 | Lair:6   | Identified the ring "Ynuvext" {SustAt rPois rF- rN+ Str+5} (You found it on level 6 of the Lair of Beasts)
 28714 | D:12     | Learned a level 1 spell: Summon Butterflies
 28833 | D:12     | Found a staircase to the Orcish Mines.
 28871 | D:12     | Reached skill level 7 in Dodging
 28964 | D:12     | Reached skill level 11 in Fighting
 29479 | Orc:1    | Entered Level 1 of the Orcish Mines
 29480 | Orc:1    | Found Jisenon's Food Shoppe.
 30048 | Orc:1    | Upgraded the game from 0.19-a0-944-gb338e1e to 0.19-a0-957-gf4ea323
 30051 | Orc:2    | Entered Level 2 of the Orcish Mines
 30054 | Orc:2    | Noticed Nessos
 30059 | Orc:1    | Killed Nessos
 30059 | Orc:1    | Reached XP level 15. HP: 77/119 MP: 19/30
 30631 | Orc:2    | Found a staircase to the Elven Halls.
 30654 | Orc:2    | Noticed Donald
 30659 | Orc:2    | Received a gift from Sif Muna
 30693 | Orc:1    | Killed Donald
 30693 | Orc:1    | Reached skill level 8 in Dodging
 31162 | Orc:2    | Found Usixoen's Weapon Shop.
 31163 | Orc:2    | Found Pidy's Weapon Emporium.
 31217 | Orc:2    | Reached skill level 12 in Fighting
 31407 | Orc:2    | Found Juontei's Magic Scroll Shoppe.
 31435 | Orc:2    | Found Xeaceph's Weapon Emporium.
 32042 | Orc:2    | Reached skill level 9 in Dodging
 32085 | Orc:2    | Noticed an orc warlord
 32136 | Orc:2    | Killed an orc warlord
 32473 | Orc:2    | Noticed an orc warlord
 32495 | Orc:2    | Killed an orc warlord
 32938 | D:13     | Noticed Azrael
 33110 | D:13     | Noticed tstbtto's ghost (novice MiFi)
 33146 | D:13     | Killed tstbtto's ghost
 33343 | D:13     | Found a gate to the Vaults.
 33668 | D:13     | Reached skill level 13 in Fighting
 33966 | D:13     | Reached skill level 10 in Dodging
 34005 | D:13     | HP: 35/124 [hell hound[Azrael] (9)]
 34015 | D:13     | HP: 36/124 [warg (2)]
 34020 | D:13     | HP: 31/124 [wolf (2)]
 34023 | D:13     | HP: 14/124 [wolf (11)]
 34808 | D:13     | Killed Azrael
 35294 | D:13     | Reached XP level 16. HP: 131/131 MP: 27/31
 35825 | D:8      | Bought a wand of digging (7/24) for 330 gold pieces
 36335 | D:13     | Reached skill level 11 in Dodging
 36383 | D:13     | Reached skill level 14 in Fighting
 36515 | D:13     | HP: 36/133 [fire giant/fireball (15)]
 36519 | D:13     | HP: 12/133 [fire giant/fireball (8)]
 36523 | D:13     | Got a brightly glowing glass ring
 36526 | D:13     | Got an ebony short sword {flame}
 36551 | D:13     | Identified the cursed +1 short sword "Mivifust" {flame, rPois Dex+2} (You took it off a centaur warrior on level 13 of the Dungeon)
 36555 | D:13     | Identified the ring of Gaaduige {rF++ MR- Int+3} (You took it off a centaur warrior on level 13 of the Dungeon)
 36937 | D:13     | Got a pitted lajatang
 37854 | D:14     | Found a basalt altar of Yredelemnul.
 38291 | D:15     | Entered Level 15 of the Dungeon
 38458 | D:15     | Noticed Louise
 38467 | D:15     | Killed Louise
 39210 | D:15     | Reached skill level 12 in Dodging
 39768 | D:15     | Reached skill level 15 in Fighting
 40214 | D:15     | Found a staircase to the Depths.
 40488 | Snake:1  | Entered Level 1 of the Snake Pit
 40737 | Shoals:1 | Entered Level 1 of the Shoals
 40737 | Shoals:1 | Found Inoen's Distillery.
 40810 | Shoals:1 | Bought a potion of heal wounds for 80 gold pieces
 40810 | Shoals:1 | Bought a potion of heal wounds for 80 gold pieces
 40810 | Shoals:1 | Bought a potion of heal wounds for 80 gold pieces
 40886 | Shoals:1 | Found a frozen archway.
 40923 | Shoals:1 | HP: 38/136 [water elemental (13)]
 40952 | Lair:3   | HP: 32/136 [water elemental (16)]
 40957 | Lair:3   | HP: 16/136 [water elemental (13)]
 41210 | IceCv    | Entered an ice cave
 41211 | IceCv    | Upgraded the game from 0.19-a0-957-gf4ea323 to 0.19-a0-958-gd69d43c
 41508 | IceCv    | Reached skill level 13 in Dodging
 41804 | IceCv    | Noticed an Ice Fiend
 41818 | IceCv    | HP: 33/136 [??? (31)]
 41832 | IceCv    | HP: 33/136 [Ice Fiend (12)]
 41835 | IceCv    | Killed an Ice Fiend
 42348 | IceCv    | Got a transparent shield
 42414 | IceCv    | Identified the cursed +0 shield of the Moon {SInv} (You found it in an ice cave)
 42415 | IceCv    | Identified a scroll of acquirement
 42536 | Shoals:1 | Reached XP level 17. HP: 70/142 MP: 3/32
 42834 | Shoals:1 | Noticed Nikola
 42847 | Shoals:1 | Killed Nikola
 43017 | Shoals:1 | HP: 40/142 [harpy (4)]
 43514 | Shoals:1 | Reached skill level 14 in Dodging
 43917 | Shoals:2 | Found an ancient bone altar of Kikubaaqudgha.
 44180 | Shoals:2 | Found a bloodstained altar of Trog.
 44831 | Shoals:3 | Reached skill level 15 in Dodging
 46312 | Snake:1  | Received a gift from Sif Muna
 46518 | Lair:3   | Learned a level 4 spell: Sticky Flame
 46524 | Lair:3   | Learned a level 5 spell: Fireball
 47509 | Snake:1  | Reached skill level 16 in Dodging
 47634 | Snake:1  | Reached skill level 1 in Fire Magic
 48139 | Snake:2  | Learned a level 1 spell: Apportation
 48207 | Snake:2  | Reached skill level 2 in Fire Magic
 48406 | Snake:2  | HP: 42/142 [salamander/trident (6)]
 48409 | Snake:2  | HP: 18/142 [salamander/arrow (15)]
 48409 | Snake:2  | HP: 7/142 [salamander/trident (10)]
 48409 | Snake:2  | HP: 2/142 [salamander/trident (5)]
 48409 | Snake:2  | Slain by a naga warrior

Vault maps used:
D:1:      kennysheep_arrival_seaside, nemelex_diamond_rough_becter
D:2:      lemuel_crystal_altar, kennysheep_slug_shrine,
          overflow_temple_1_default, minmay_pentomino_u2
D:3:      minmay_wonky_spiral, ashenzari_conservatory_becter, first_bread,
          hangedman_feature_mirror, uniq_natasha
D:4:      lemuel_crystal_altar, gammafunk_pakellas_spire_experiment,
          kennysheep_diamond, roderic_serpentine_path, uniq_robin
D:5:      serial_bayou, serial_bayou_pond_b, serial_bayou_pond_e,
          serial_bayou_lagoon_a, serial_bayou_pond_c, serial_bayou_lagoon_b,
          trog_wizard, uniq_blork_the_orc
D:6:      okawaru_gym_becter, uniq_grinder
D:7:      serial_shops, shop
D:8:      vehumet_crystals, serial_ice, serial_ice_f, serial_ice_c,
          serial_ice_h, serial_ice_o, serial_shops, shop, uniq_erolcha,
          uniq_prince_ribbit1
D:9:      hangedman_ranch, uniq_joseph
D:10:     serial_shops, nicolae_shop_waterfront, uniq_sonja
D:11:     minmay_lair_entry_lava
D:12:     orc_0_dummy, lightli_wizard_tower
D:13:     giant_chief_lemuel, erik_vaults_2, uniq_azrael
D:14:     kennysheep_pointless_box, basic_altar
D:15:     gammafunk_enter_depths_forms, serial_bayou_ford_a, uniq_louise
Temple:   oiseaux_autumnal_temple
Lair:2:   special_room, beast_lair_carwin_6, grunt_megastairs_3,
          serial_bayou_shore_b
Lair:3:   elwin_shoals_entry_rocks, dummy_snake_entry, lab_entry_generic,
          grunt_megastairs_2, serial_bayou_shore_a, uniq_nergalle
Lair:4:   grunt_megastairs_4
Lair:5:   grunt_megastairs_5, uniq_josephine
Lair:6:   hangedman_lair_in_review, wormcave, slime_altar_1, basic_altar
Shoals:1: cheibrodos_shoals_oceanic_diplomacy,
          portal_ice_cave_entry_ice_statue_one, nicolae_shoals_c_island,
          uniq_nikola
Shoals:2: hangedman_feature_mirror
Shoals:3: abandoned_shop, st_cyclops
Snake:1:  grunt_ministairs_1, abandoned_shop
Snake:2:  basic_altar, statue_in_the_mist_lemuel
Orc:1:    serial_shops, shop_statue
Orc:2:    st_orc_open, minmay_orc_treasury, uniq_donald, uniq_nessos
Lab:      labyrinth_skeletal_remains, nicolae_lab_arrow, lab_hedge,
          nicolae_lab_starburst, nicolae_lab_lava, lab_statue, labyrinth_glass_1
IceCv:    ice_cave_tombish

Skill      XL: |  1  2  3  4  5  6  7  8  9 10 11 12 13 14 15 16 17 |
---------------+----------------------------------------------------+-----
Fighting       | 1 2 3 5 8 11 13 15 | 15.0
Short Blades   | 1 3 4 |  4.0
Conjurations   | 3 4 6 8 9 11 12 13 | 13.5
Spellcasting   | 3 4 5 6 8 10 11 | 11.3
Air Magic      | 1 3 4 |  4.0
Poison Magic   | 5 6 8 10 | 10.0
Invocations    | 2 8 10 | 10.0
Summonings     | 2 3 |  3.1
Shields        | 1 5 |  5.0
Dodging        | 3 7 10 13 16 | 16.0
Fire Magic     | 2 |  2.5
Stealth        | |  1.7

Action                   |  1- 3 |  4- 6 |  7- 9 | 10-12 | 13-15 | 16-18 || total
-------------------------+-------+-------+-------+-------+-------+-------++-------
Melee: Short sword       |    33 |       |       |       |       |       ||    33
       Dagger            |     7 |   121 |   243 |   363 |   339 |   370 ||  1443
       Staff             |       |       |       |       |    16 |     3 ||    19
 Fire: Hunting sling     |     2 |     3 |    41 |    18 |     2 |       ||    66
       Blowgun           |       |       |       |       |       |     3 ||     3
Throw: Stone             |     8 |       |       |       |       |       ||     8
       Javelin           |       |       |     2 |       |       |       ||     2
       Tomahawk          |       |       |       |     1 |       |       ||     1
       Throwing net      |       |       |       |       |     1 |       ||     1
 Cast: Sting             |    39 |   107 |   192 |   450 |   203 |    28 ||  1019
       Mephitic Cloud    |       |       |    12 |    72 |    29 |    26 ||   139
       Ignite Poison     |       |       |       |    38 |    19 |    25 ||    82
       Force Lance       |       |       |       |    65 |   106 |    65 ||   236
       Stone Arrow       |       |       |       |    95 |   376 |   400 ||   871
       Venom Bolt        |       |       |       |    12 |   154 |   111 ||   277
       Olgreb's Toxic Ra |       |       |       |       |    91 |    86 ||   177
       Summon Butterflie |       |       |       |       |       |     2 ||     2
       Sticky Flame      |       |       |       |       |       |    38 ||    38
Invok: Divine Energy     |       |       |       |     2 |       |       ||     2
       Stop Divine Energ |       |       |       |     2 |       |       ||     2
       Channel Magic     |       |       |       |     8 |    41 |     5 ||    54
Evoke: Wand              |       |       |     2 |     8 |     1 |     5 ||    16
       Rod               |       |       |       |       |     2 |       ||     2
  Use: Scroll            |     6 |     4 |    13 |    14 |     9 |    16 ||    62
       Potion            |       |       |       |     2 |     1 |     1 ||     4
 Stab: Sleeping          |     1 |     1 |       |       |     1 |       ||     3
       Confused          |       |       |     1 |     9 |     2 |       ||    12
       Distracted        |       |       |       |       |       |     1 ||     1
  Eat: Chunk             |     5 |    22 |    18 |    47 |    73 |    53 ||   218
Armor: Robe              |     9 |    42 |   117 |   226 |   110 |       ||   504
       Leather armour    |       |       |       |       |    55 |   198 ||   253
Dodge: Dodged            |    26 |    69 |   138 |   331 |   385 |   875 ||  1824
Block: Buckler           |       |       |       |     6 |   156 |   262 ||   424

Table legend:
 A = Turns spent in this place as a percentage of turns spent in the entire game.
 B = Non-inter-level travel turns spent in this place as a percentage of non-inter-level travel turns spent in the entire game.
 C = Inter-level travel turns spent in this place as a percentage of turns spent in this place.
 D = Turns resting spent in this place as a percentage of non-inter-level travel turns spent in this place.
 E = Turns spent auto-exploring this place as a percentage of non-inter-level travel turns spent in this place.
 F = Non-inter-level travel turns spent in this place divided by the number of levels of this place that you've seen.
                   A       B       C       D       E      F
               +-------+-------+-------+-------+-------+----------------------
         Total | 100.0 | 100.0 |   0.6 |   2.8 |   3.6 | 596.9
       Dungeon |  45.2 |  45.2 |   0.7 |   3.0 |   4.7 | 557.0
        Temple |   0.1 |   0.1 |  11.1 |   0.0 |  81.2 |  16.0
          Lair |  27.8 |  27.8 |   0.8 |   3.4 |   2.7 | 855.8
        Shoals |   8.6 |   8.6 |   0.5 |   2.1 |   3.3 | 529.7
     Snake Pit |   3.6 |   3.6 |   0.3 |   1.6 |   3.9 | 333.5
  Orcish Mines |   9.4 |   9.4 |   0.4 |   0.7 |   2.7 | 871.0
     Labyrinth |   2.0 |   2.0 |   0.0 |   2.5 |   0.0 | 364.0
      Ice Cave |   3.4 |   3.4 |   0.0 |   2.8 |   0.3 | 635.0
               +-------+-------+-------+-------+-------+----------------------

Vault maps used:
D:1:      kennysheep_arrival_seaside, nemelex_diamond_rough_becter
D:2:      lemuel_crystal_altar, kennysheep_slug_shrine,
          overflow_temple_1_default, minmay_pentomino_u2
D:3:      minmay_wonky_spiral, ashenzari_conservatory_becter, first_bread,
          hangedman_feature_mirror, uniq_natasha
D:4:      lemuel_crystal_altar, gammafunk_pakellas_spire_experiment,
          kennysheep_diamond, roderic_serpentine_path, uniq_robin
D:5:      serial_bayou, serial_bayou_pond_b, serial_bayou_pond_e,
          serial_bayou_lagoon_a, serial_bayou_pond_c, serial_bayou_lagoon_b,
          trog_wizard, uniq_blork_the_orc
D:6:      okawaru_gym_becter, uniq_grinder
D:7:      serial_shops, shop
D:8:      vehumet_crystals, serial_ice, serial_ice_f, serial_ice_c,
          serial_ice_h, serial_ice_o, serial_shops, shop, uniq_erolcha,
          uniq_prince_ribbit1
D:9:      hangedman_ranch, uniq_joseph
D:10:     serial_shops, nicolae_shop_waterfront, uniq_sonja
D:11:     minmay_lair_entry_lava
D:12:     orc_0_dummy, lightli_wizard_tower
D:13:     giant_chief_lemuel, erik_vaults_2, uniq_azrael
D:14:     kennysheep_pointless_box, basic_altar
D:15:     gammafunk_enter_depths_forms, serial_bayou_ford_a, uniq_louise
Temple:   oiseaux_autumnal_temple
Lair:2:   special_room, beast_lair_carwin_6, grunt_megastairs_3,
          serial_bayou_shore_b
Lair:3:   elwin_shoals_entry_rocks, dummy_snake_entry, lab_entry_generic,
          grunt_megastairs_2, serial_bayou_shore_a, uniq_nergalle
Lair:4:   grunt_megastairs_4
Lair:5:   grunt_megastairs_5, uniq_josephine
Lair:6:   hangedman_lair_in_review, wormcave, slime_altar_1, basic_altar
Shoals:1: cheibrodos_shoals_oceanic_diplomacy,
          portal_ice_cave_entry_ice_statue_one, nicolae_shoals_c_island,
          uniq_nikola
Shoals:2: hangedman_feature_mirror
Shoals:3: abandoned_shop, st_cyclops
Snake:1:  grunt_ministairs_1, abandoned_shop
Snake:2:  basic_altar, statue_in_the_mist_lemuel
Orc:1:    serial_shops, shop_statue
Orc:2:    st_orc_open, minmay_orc_treasury, uniq_donald, uniq_nessos
Lab:      labyrinth_skeletal_remains, nicolae_lab_arrow, lab_hedge,
          nicolae_lab_starburst, nicolae_lab_lava, lab_statue, labyrinth_glass_1
IceCv:    ice_cave_tombish
